 Dungeon Crawl Stone Soup version 0.15.2 (webtiles) character file.

5577 Heini the Basher (level 10, -2/92 HPs)
             Began as a Minotaur Fighter on Mar 5, 2015.
             Was an Elder of Okawaru.
             Slain by a goliath beetle (15 damage)
             ... on Level 9 of the Dungeon.
             The game lasted 00:21:54 (8062 turns).

Heini the Basher (Minotaur Fighter)                 Turns: 8062, Time: 00:21:55

HP  -2/92        AC 16     Str 25      XL: 10   Next: 44%
MP   0/5         EV  7     Int  5      God: Okawaru [****..]
Gold 513         SH  9     Dex  9      Spells:  0 memorised,  9 levels left

rFire  . . .     SeeInvis .     g - +4 flail (protect)
rCold  . . .     Clarity  .     b - +0 scale mail
rNeg   . . .     rCorr    .     c - +0 shield
rPois  .         rRot     .     (helmet restricted)
rElec  .         Spirit   +     p - +1 cloak
SustAb .         Warding  .     (no gloves)
rMut   .         Stasis   .     (no boots)
Gourm  .                        k - amulet of guardian spirit
MR     .....                    D - ring of flight
                                I - ring of teleport control

@: not resistant to hostile enchantments, extremely unstealthy
A: retaliatory headbutt, horns 2
a: Heroism, Renounce Religion, Evoke Flight, Evoke Teleport Control


You were on level 9 of the Dungeon.
You worshipped Okawaru.
Okawaru was greatly pleased with you.
You were not hungry.

You visited 2 branches of the dungeon, and saw 10 of its levels.

You collected 513 gold pieces.

Inventory:

Hand weapons
 g - a +4 flail of protection (weapon)
Armour
 b - a +0 scale mail (worn)
 c - a +0 shield (worn)
 p - a +1 cloak (worn)
Magical devices
 a - a wand of magic darts (12) {unknown}
 f - a wand of confusion (21)
 A - a wand of random effects (11)
Comestibles
 d - 11 bread rations
 i - 3 meat rations
 m - 6 beef jerkies
 t - a slice of pizza
 x - a royal jelly
 E - 4 fruits
 G - a chunk of adder flesh
Scrolls
 j - a scroll of recharging
 n - 5 scrolls of fear
 r - 2 scrolls of blinking
 u - 2 scrolls of amnesia
 w - 2 scrolls of identify
 B - 3 scrolls of teleportation
Jewellery
 k - an amulet of guardian spirit (around neck)
 l - an uncursed ring of invisibility
 s - an uncursed ring of wizardry
 y - an uncursed ring of ice
 D - a ring of flight (right hand)
 I - a ring of teleport control (left hand)
Potions
 e - 3 potions of might
 h - a potion of cancellation
 o - 2 potions of restore abilities
 q - 3 potions of curing
 v - a potion of magic
 C - a potion of agility
 F - a potion of confusion
Books
 z - a book of Power

   Spells                             Type                      Level
   Fulminant Prism                    Conjuration/Hexes            4
   Iskenderun's Mystic Blast          Conjuration                  4
   Venom Bolt                         Conjuration/Poison           5
   Bolt of Magma                      Conjuration/Fire/Earth       5
   Iron Shot                          Conjuration/Earth            6
   Orb of Destruction                 Conjuration                  7
 H - a book of Frost

   Spells                             Type                      Level
   Freeze                             Ice                          1
   Throw Frost                        Conjuration/Ice              2
   Ozocubu's Armour                   Charms/Ice                   3
   Throw Icicle                       Conjuration/Ice              4
   Summon Ice Beast                   Ice/Summoning                4
   Condensation Shield                Ice                          4


   Skills:
 * Level 9.7 Fighting
 * Level 11.1 Maces & Flails
 * Level 9.8 Armour
 + Level 7.1 Dodging
 - Level 3.6 Shields
 + Level 1.0 Evocations


You had 9 spell levels left.
You didn't know any spells.

Dungeon Overview and Level Annotations

Branches:
Dungeon (9/15)             Temple (1/1) D:4            Lair (0/8) D:9
    Orc: D:9-12

Altars:
Ashenzari
Cheibriados
Dithmenos
Elyvilon
Fedhas
Kikubaaqudgha
Makhleb
Nemelex Xobeh
Okawaru
Qazlal
Sif Muna
Trog
Vehumet
Xom
Yredelemnul
Zin
The Shining One


Innate Abilities, Weirdness & Mutations

You reflexively headbutt those who attack you in melee.
You have a pair of horns on your head.


Message History

The goliath beetle is almost dead.
The goliath beetle bites you.
You sock the goliath beetle!
You kill the goliath beetle!
Okawaru accepts your kill. The goliath beetle barely misses you.
You furiously retaliate!
You headbutt the goliath beetle. You hit the goliath beetle.
You headbutt the goliath beetle!
The goliath beetle is moderately wounded.
You completely miss the goliath beetle.
You headbutt the goliath beetle, but do no damage.
The goliath beetle is moderately wounded.
The goliath beetle bites you!
* * * LOW HITPOINT WARNING * * *
You sock the goliath beetle! You headbutt the goliath beetle.
The goliath beetle is heavily wounded.
The goliath beetle bites you.
* * * LOW HITPOINT WARNING * * *
The goliath beetle bites you!
You die...

.... .....
...>..
.......
......P
.......
###....B###
......sB.%#
.#######@.#
#..# #.>#
#<.#
...>#####..#
#........#
#.######.#
#........#
.########


You could see 2 goliath beetles and a scorpion.

Vanquished Creatures
  An elephant (D:9)
  A hydra zombie (D:8)
  A trapdoor spider zombie (D:8)
  Eustachio (D:4)
  A wyvern (D:8)
  A hungry ghost (D:8)
  Edmund (D:4)
  A water moccasin (D:8)
  An orc warrior (D:8)
  2 sky beasts (D:5)
  2 phantoms
  3 ice beasts
  7 ogres
  2 necrophages
  7 centaurs
  The ghost of SaintRoka the Insei, an average DrTm (D:3)
  Duvessa (D:5)
  2 giant frogs (D:6)
  Blork the orc (D:5)
  3 crocodiles
  A wyvern skeleton (D:8)
  A water moccasin skeleton (D:8)
  A wight (D:7)
  3 killer bees (D:7)
  Dowan (D:5)
  4 crimson imps
  2 goliath beetles
  4 human zombies (D:7)
  5 hounds
  3 jellies
  A centaur skeleton (D:6)
  4 orc priests
  A human skeleton (D:7)
  Natasha (thrice) (D:3)
  5 worker ants
  8 orc wizards
  A sheep (D:9)
  A hound zombie (D:8)
  An ogre skeleton (D:7)
  4 mummies (D:7)
  A green rat (D:4)
  13 adders
  3 gnolls (D:6)
  2 giant mites
  2 shadow imps
  An ufetubus (D:4)
  2 worms (D:2)
  An adder zombie (D:5)
  2 iguana skeletons
  3 giant geckos
  An ooze (D:1)
  14 orcs
  8 hobgoblins
  8 jackals
  4 quokkas
  17 bats
  4 giant cockroaches
  4 giant newts
  A giant spore (D:7)
  6 goblins
  A goblin skeleton (D:4)
  A hobgoblin skeleton (D:8)
  16 kobolds
  An orc skeleton (D:7)
  13 rats
  5 ballistomycetes (D:7)
  2 butterflies (D:4)
230 creatures vanquished.

Vanquished Creatures (others)
  A sheep (D:9)
  A giant spore (D:9)
2 creatures vanquished.

Grand Total: 232 creatures vanquished

Notes
Turn   | Place    | Note
--------------------------------------------------------------
     0 | D:1      | Heini, the Minotaur Fighter, began the quest for the Orb.
     0 | D:1      | Reached XP level 1. HP: 19/19 MP: 1/1
   189 | D:1      | Reached skill level 4 in Fighting
   189 | D:1      | Reached XP level 2. HP: 27/27 MP: 1/1
   747 | D:2      | Reached XP level 3. HP: 26/33 MP: 2/2
  1209 | D:2      | Reached XP level 4. HP: 41/41 MP: 2/2
  1349 | D:3      | Noticed SaintRoka's ghost (average DrTm)
  1371 | D:3      | Killed SaintRoka's ghost
  1371 | D:3      | Reached skill level 5 in Armour
  1371 | D:3      | Reached skill level 1 in Dodging
  1371 | D:3      | Reached XP level 5. HP: 41/47 MP: 2/2
  1906 | D:3      | Noticed Natasha
  1912 | D:3      | Killed Natasha
  1912 | D:3      | Reached skill level 5 in Fighting
  2236 | D:3      | Noticed Natasha
  2243 | D:3      | Killed Natasha
  2253 | D:3      | Noticed Natasha
  2260 | D:3      | Killed Natasha
  2520 | D:3      | Reached XP level 6. HP: 26/56 MP: 0/3
  2735 | D:4      | Found a staircase to the Ecumenical Temple.
  2762 | Temple   | Entered the Ecumenical Temple
  2784 | Temple   | Became a worshipper of Warmaster Okawaru
  2997 | D:4      | Reached skill level 5 in Maces & Flails
  3094 | D:4      | Reached skill level 6 in Armour
  3244 | D:4      | Noticed Eustachio
  3290 | D:4      | Killed Eustachio
  3290 | D:4      | Reached XP level 7. HP: 23/61 MP: 2/3
  3292 | D:4      | Acquired Okawaru's first power
  3724 | D:4      | Found a sparkling altar of Nemelex Xobeh.
  3779 | D:4      | Reached skill level 7 in Armour
  4084 | D:4      | Noticed Edmund
  4132 | D:4      | Killed Edmund
  4388 | D:5      | Entered Level 5 of the Dungeon
  4508 | D:5      | Reached XP level 8. HP: 58/70 MP: 3/3
  4599 | D:5      | Noticed Blork the orc
  4611 | D:5      | Killed Blork the orc
  4769 | D:5      | Reached skill level 8 in Armour
  4886 | D:5      | Noticed Dowan
  4888 | D:5      | Noticed Duvessa
  4894 | D:5      | Killed Duvessa
  4907 | D:5      | Killed Dowan
  5359 | D:6      | Reached XP level 9. HP: 79/79 MP: 4/4
  5492 | D:7      | Reached skill level 5 in Dodging
  5762 | D:7      | Reached skill level 9 in Armour
  5809 | D:7      | Found a shadowy altar of Dithmenos.
  5929 | D:7      | Found an ancient bone altar of Kikubaaqudgha.
  5943 | D:7      | Reached skill level 1 in Evocations
  6505 | D:8      | Reached skill level 10 in Maces & Flails
  6796 | D:8      | Reached XP level 10. HP: 30/91 MP: 2/5
  7799 | D:8      | Reached skill level 11 in Maces & Flails
  8034 | D:9      | Noticed an elephant
  8035 | D:9      | Found a staircase to the Lair.
  8052 | D:9      | Killed an elephant
  8062 | D:9      | Slain by a goliath beetle

Action                   |  1- 3 |  4- 6 |  7- 9 | 10-12 || total
-------------------------+-------+-------+-------+-------++-------
Melee: Flail             |    94 |   199 |   409 |   126 ||   828
Evoke: Wand              |       |       |     2 |       ||     2
  Use: Scroll            |     2 |     3 |    11 |     7 ||    23
       Potion            |       |     1 |     2 |       ||     3
  Eat: Chunk             |     1 |     7 |    11 |     5 ||    24
